 Dungeon Crawl Stone Soup version 0.20.0-10-g0535bb4 (webtiles) character file.

40622 kuniqs the Fighter (level 13, 122/122 HPs)
             Began as a Minotaur Fighter on June 7, 2017.
             Was a High Priest of Ru.
             Quit the game on level 1 of the Pits of Slime.
             The game lasted 00:25:05 (16249 turns).

kuniqs the Fighter (Minotaur Fighter)              Turns: 16249, Time: 00:25:05

Health: 122/122    AC: 28    Str: 23    XL:     13   Next: 75%
Magic:  12/12      EV: 17    Int:  5    God:    Ru [*****.]
Gold:   1351       SH: 14    Dex: 14    Spells: 12/12 levels left

rFire    . . .     SeeInvis .   w - +3 flail (protect)
rCold    + + .     Gourm    .   c - +1 shield
rNeg     . . .     Faith    .   o - +2 chain mail {rC+}
rPois    .         Spirit   .   n - +2 hat {MR+}
rElec    .         Reflect  .   g - +2 cloak "Wenaegya" {rC+ Dex+3}
rCorr    .         Harm     .   s - +2 pair of gloves
MR       +....                  Q - +0 pair of boots
Stlth    ..........             (no amulet)
Regen    0.3/turn               N - +3 ring of protection
MPRegen  0.2/turn               t - +3 ring of evasion

@: no status effects
A: retaliatory headbutt, horns 2, weak 1, inability to drink while threatened,
inability to read while threatened, no stealth, inexperienced 1
a: Draw Out Power, Power Leap, Apocalypse, Renounce Religion


You were on level 1 of the Pits of Slime.
You worshipped Ru.
Ru was extremely pleased with you.
You were not hungry.

You visited 4 branches of the dungeon, and saw 21 of its levels.

You collected 1351 gold pieces.

Inventory:

Hand Weapons
 w - a +3 flail of protection (weapon)
Armour
 c - a +1 shield (worn)
 g - the +2 cloak "Wenaegya" (worn) {rC+ Dex+3}
   (You acquired it on level 1 of the Lair of Beasts)

   It affects your dexterity (+3).
   It protects you from cold.
 n - a +2 hat of magic resistance (worn)
 o - a +2 chain mail of cold resistance (worn)
 s - a +2 pair of gloves (worn)
 Q - a +0 pair of boots (worn)
Jewellery
 t - a +3 ring of evasion (right hand)
 K - an uncursed ring of protection from fire
 N - a +3 ring of protection (left hand)
 Y - an uncursed ring of protection from magic
Wands
 a - a wand of digging (17/24)
 z - a wand of acid (10/15)
 I - a wand of flame (16/48)
 P - a wand of paralysis (9/24)
Scrolls
 i - 3 scrolls of magic mapping
 j - 2 scrolls of enchant weapon
 k - 4 scrolls of identify {@r1}
 m - 5 scrolls of teleportation
 p - a scroll of brand weapon {unknown}
 x - 7 scrolls of enchant armour
 B - 3 scrolls of fear
 E - a scroll of immolation
 H - 2 scrolls of fog
 J - 4 scrolls of remove curse {@r2}
 M - 3 scrolls of recharging
 U - a scroll of blinking
 X - a scroll of summoning
Potions
 b - 5 potions of might
 h - a potion of ambrosia
 l - a potion of berserk rage
 q - 8 potions of heal wounds
 r - a potion of agility
 u - 7 potions of curing {@q1}
 v - 4 potions of haste
 A - a potion of mutation
 C - a potion of lignification
 S - a potion of magic
Books
 y - a book of Ice

   Spells                             Type                      Level
   a - Ice Form                       Ice/Transmutation            4
   b - Metabolic Englaciation         Hexes/Ice                    5
   c - Ozocubu's Refrigeration        Ice                          6
   d - Bolt of Cold                   Conjuration/Ice              6
   e - Freezing Cloud                 Conjuration/Ice/Air          6
   f - Simulacrum                     Ice/Necromancy               6
Comestibles
 d - 13 bread rations
 e - 8 meat rations
 f - 22 fruits
 D - 3 chunks of flesh
 L - 12 royal jellies


   Skills:
 + Level 13.2 Fighting
 + Level 12.7 Maces & Flails
 + Level 13.1 Armour
 + Level 11.7 Dodging
 + Level 13.2 Shields


You had 12 spell levels left.
You didn't know any spells.

Dungeon Overview and Level Annotations

Branches:
Dungeon (13/15)            Temple (1/1) D:6            Lair (6/6) D:10
 Shoals (0/4) Lair:3        Snake (0/4) Lair:4        Slime (1/5) Lair:5
    Orc (0/2) D:11
 Vaults: D:13-14

Altars:
Ashenzari
Cheibriados
Dithmenos
Elyvilon
Gozag
Hepliaklqana
Kikubaaqudgha
Makhleb
Nemelex Xobeh
Ru
Sif Muna
Trog
Uskayaw
Vehumet
Xom
Yredelemnul
Zin
The Shining One
Jiyva

Shops:
D:4 }   D:12 ?

Annotations:
D:3 Grinder
D:12 2 runed doors, exclusion: orange crystal statue
D:13 Kirke


Innate Abilities, Weirdness & Mutations

You reflexively headbutt those who attack you in melee.
You have a pair of horns on your head.
You are weak. (Str -2)
You cannot drink potions while threatened.
You cannot read scrolls while threatened.
You cannot be stealthy.
You are somewhat inexperienced. (-2 XL)


Message History

You sock the blink frog! You headbutt the blink frog!
The blink frog is severely wounded.
You block the blink frog's attack.
You sock the blink frog!
You kill the blink frog!
No target in view!
No target in view!
No target in view!
You butcher the blink frog corpse.
D - 3 chunks of flesh
There is a staircase to the Slime Pits here.
You climb downwards.
Welcome to the Pits of Slime!
This branch is unnaturally silent, and so sound travels much further.
This branch contains the slimy rune of Zot.
An azure jelly, 5 slime creatures and a shining eye come into view.
The shining eye turns its gaze towards you.
The azure jelly quivers.
The slime creature quivers. x4
Found a stone staircase leading down.
There is a staircase back to the Lair here.
Are you sure you want to abandon this character and quit the game? (Confirm with "yes".)

.............
............
...........
..........#####
.J............#
..J............
...............
...JJJ.@.....#
..............#
...#...>.......
. ..#..........
..J ...........
.. .##.........
. .# ..........
.. G.........


You could see an azure jelly, 5 slime creatures and a shining eye.

Vanquished Creatures
  A hydra (D:11)
  7 two-headed ogres
  8 death yaks
  Nergalle (Lair:4)
  Pikel (D:6)
  2 ugly things
  A deep elf mage (D:10)
  2 manticores
  A centaur zombie (D:12)
  2 black mambas
  A gargoyle (D:12)
  6 spiny frogs
  A rime drake (Lair:1)
  6 komodo dragons
  2 trolls (D:11)
  17 blink frogs
  6 hippogriffs
  3 wyverns
  A spriggan (D:10)
  A shadow (D:12)
  36 yaks
  3 wraiths
  A hog (D:12)
  A human (D:10)
  A hungry ghost (D:6)
  4 basilisks
  A steam dragon (Lair:3)
  2 vampire mosquitoes (D:13)
  Menkaure (D:6)
  Edmund (D:6)
  4 nagas (Lair:4)
  2 soldier ants
  An acid dragon (D:11)
  19 water moccasins
  10 porcupines
  6 ice beasts
  6 orc warriors
  2 sky beasts
  3 slaves
  A necrophage (D:9)
  7 ogres
  5 centaurs
  The ghost of dscm the Shield-Bearer, an amateur GrFi (D:4)
  3 big kobolds
  9 crocodiles
  11 bullfrogs
  2 gnoll sergeants
  2 wyvern zombies
  4 scorpions
  16 killer bees
  3 wights (D:9)
  2 howler monkeys (D:12)
  An electric eel (Lair:1)
  3 crimson imps
  5 bullfrog zombies
  9 orc priests
  7 hounds
  A gnoll shaman (D:6)
  6 jellies
  Crazy Yiuf (D:7)
  2 bullfrog skeletons
  3 centaur skeletons
  9 orc wizards
  4 iguanas
  9 worker ants
  A hound zombie (D:6)
  4 hound skeletons
  2 worker ant zombies
  17 gnolls
  24 adders
  5 shadow imps
  An ooze (D:1)
  A worm (D:2)
  2 dart slugs (D:2)
  4 leopard geckos
  46 orcs
  3 giant cockroaches
  5 hobgoblins
  10 jackals
  4 quokkas
  10 bats
  5 frilled lizards
  9 goblins
  23 kobolds
  8 rats
484 creatures vanquished.

Vanquished Creatures (others)
  A yak (Lair:4)
  A hungry ghost (D:7)
  A water moccasin (Lair:1)
  An ogre (D:11)
  A crocodile (Lair:3)
  A killer bee (D:11)
  An orc wizard (D:8)
  A kobold (D:11)
8 creatures vanquished.

Grand Total: 492 creatures vanquished

Notes
Turn   | Place    | Note
-------+----------+-------------------------------------------
     0 | D:1      | kuniqs the Minotaur Fighter began the quest for the Orb.
     0 | D:1      | Reached XP level 1. HP: 19/19 MP: 0/0
   227 | D:1      | Reached XP level 2. HP: 25/27 MP: 1/1
   397 | D:1      | Reached skill level 1 in Dodging
   483 | D:1      | Reached XP level 3. HP: 32/33 MP: 2/2
   933 | D:1      | You fall through a shaft!
  1242 | D:2      | Found a sacrificial altar of Ru.
  1250 | D:2      | Became a worshipper of Ru the Awakened
  1324 | D:2      | Found a shattered altar of Ashenzari.
  1542 | D:2      | Reached XP level 4. HP: 40/40 MP: 3/3
  1945 | D:3      | Found a white marble altar of Elyvilon.
  1968 | D:3      | Found a radiant altar of Vehumet.
  2307 | D:3      | Noticed Grinder
  2407 | D:4      | Reached XP level 5. HP: 46/46 MP: 4/4
  2478 | D:4      | Gained mutation: You are somewhat inexperienced. (-2 XL) [Ru sacrifice]
  2478 | D:4      | Reached XP level 4. HP: 41/41 MP: 3/3
  2478 | D:4      | Reached XP level 3. HP: 34/34 MP: 2/2
  2478 | D:4      | Reached * piety under Ru
  2478 | D:4      | Reached ** piety under Ru
  2482 | D:4      | Noticed dscm's ghost (amateur GrFi)
  2489 | D:5      | Entered Level 5 of the Dungeon
  2500 | D:5      | Noticed a centaur
  2508 | D:5      | Killed a centaur
  2508 | D:5      | Reached skill level 5 in Shields
  2508 | D:5      | Reached XP level 4. HP: 27/41 MP: 3/3
  2641 | D:5      | Reached XP level 5. HP: 44/47 MP: 4/4
  2673 | D:5      | Reached skill level 5 in Fighting
  2829 | D:4      | Killed dscm's ghost
  2829 | D:4      | Reached XP level 6. HP: 38/56 MP: 5/5
  3028 | D:4      | Noticed a two-headed ogre
  3046 | D:4      | Killed a two-headed ogre
  3046 | D:4      | Reached skill level 5 in Maces & Flails
  3046 | D:4      | Reached skill level 5 in Armour
  3046 | D:4      | Reached XP level 7. HP: 26/63 MP: 6/6
  3280 | D:4      | Found Mutseeb's Gadget Boutique.
  3686 | D:5      | Reached XP level 8. HP: 60/70 MP: 7/7
  4191 | D:6      | Found a staircase to the Ecumenical Temple.
  4258 | Temple   | Entered the Ecumenical Temple
  4405 | D:6      | Noticed Edmund
  4416 | D:6      | Killed Edmund
  4467 | D:6      | Reached skill level 5 in Dodging
  4705 | D:6      | Gained mutation: You cannot read scrolls while threatened. [Ru sacrifice]
  4705 | D:6      | Reached *** piety under Ru
  4800 | D:6      | Noticed a two-headed ogre
  4814 | D:6      | Killed a two-headed ogre
  4814 | D:6      | Reached XP level 9. HP: 57/81 MP: 6/8
  4926 | D:6      | Found a hide-covered altar of Uskayaw.
  5602 | D:7      | Noticed Menkaure
  5611 | D:7      | Noticed a two-headed ogre
  5883 | D:6      | Killed a two-headed ogre
  6025 | D:6      | Killed Menkaure
  6025 | D:6      | Reached XP level 10. HP: 90/90 MP: 9/9
  6158 | D:7      | Noticed Pikel
  6241 | D:6      | Killed Pikel
  6315 | D:7      | Found a sparkling altar of Nemelex Xobeh.
  6547 | D:7      | Found a runed door.
  6551 | D:7      | Noticed Crazy Yiuf
  6554 | D:7      | Killed Crazy Yiuf
  6614 | D:8      | Found a bloodstained altar of Trog.
  6615 | D:8      | Found a glowing golden altar of the Shining One.
  6615 | D:8      | Found a deep blue altar of Sif Muna.
  6627 | D:8      | Found a hazy altar of Hepliaklqana.
  7045 | D:8      | Gained mutation: You cannot drink potions while threatened. [Ru sacrifice]
  7045 | D:8      | Reached **** piety under Ru
  7045 | D:8      | Reached ***** piety under Ru
  7238 | D:8      | Noticed a two-headed ogre
  7252 | D:8      | Killed a two-headed ogre
  8146 | D:9      | Noticed a two-headed ogre
  8158 | D:9      | Killed a two-headed ogre
  8158 | D:9      | Reached skill level 10 in Fighting
  8158 | D:9      | Reached skill level 10 in Shields
  8158 | D:9      | Reached XP level 11. HP: 80/99 MP: 8/10
  8447 | D:9      | Noticed a two-headed ogre
  8454 | D:9      | Killed a two-headed ogre
  8454 | D:9      | Reached skill level 10 in Armour
  8698 | D:10     | Entered Level 10 of the Dungeon
  8902 | D:10     | Found a staircase to the Lair.
  9028 | D:10     | Gained mutation: You are weak. (Str -2) [Ru sacrifice]
  9083 | D:10     | Reached skill level 10 in Maces & Flails
  9199 | D:10     | Noticed a deep elf mage
  9203 | D:10     | Killed a deep elf mage
  9683 | D:11     | Found a staircase to the Orcish Mines.
  9973 | D:11     | Noticed a seven-headed hydra
  9995 | D:11     | Killed a seven-headed hydra
 10248 | D:11     | Noticed a brown ugly thing
 10274 | D:11     | Killed a brown ugly thing
 10276 | D:11     | Reached XP level 12. HP: 92/110 MP: 9/11
 10892 | D:12     | Found a runed door.
 11052 | D:12     | Found Bihaoni's Magic Scroll Boutique.
 11235 | D:12     | Found a runed door.
 11529 | D:12     | Reached skill level 10 in Dodging
 11551 | D:13     | Noticed a two-headed ogre
 11561 | D:13     | Killed a two-headed ogre
 11769 | D:13     | Noticed Kirke
 11772 | D:13     | Noticed a sphinx
 11860 | Lair:1   | Entered Level 1 of the Lair of Beasts
 12447 | Lair:1   | Identified 2 scrolls of acquirement
 12457 | Lair:1   | Got a faintly humming cloak
 12458 | Lair:1   | Identified the +2 cloak "Wenaegya" {rC+ Dex+3} (You acquired it on level 1 of the Lair of Beasts)
 13388 | Lair:2   | Reached XP level 13. HP: 114/119 MP: 12/12
 13854 | Lair:3   | Found a staircase to the Shoals.
 14113 | Lair:3   | Identified the Tome of Flamy Translocation
 14483 | Lair:4   | Noticed Nergalle
 14491 | Lair:4   | Killed Nergalle
 15086 | Lair:4   | Found a staircase to the Snake Pit.
 15720 | Lair:5   | Gained mutation: You cannot be stealthy. [Ru sacrifice]
 15860 | Lair:5   | Found a staircase to the Slime Pits.
 15945 | Lair:5   | Found a viscous altar of Jiyva.
 16208 | Lair:6   | Entered Level 6 of the Lair of Beasts
 16248 | Slime:1  | Entered Level 1 of the Pits of Slime
 16248 | Slime:1  | Noticed an azure jelly
 16249 | Slime:1  | Quit the game

Skill      XL: |  1  2  3  4  5  6  7  8  9 10 11 12 13 |
---------------+----------------------------------------+-----
Fighting       | 4 5 6 7 8 10 11 12 13 | 13.2
Dodging        | 1 2 3 4 6 8 9 10 11 | 11.7
Shields        | 5 6 7 8 10 11 12 13 | 13.2
Maces & Flails | 3 4 5 7 8 9 10 11 12 | 12.7
Armour         | 4 5 6 7 8 9 11 12 13 | 13.1

Action                   |  1- 3 |  4- 6 |  7- 9 | 10-12 | 13-15 || total
-------------------------+-------+-------+-------+-------+-------++-------
Melee: Flail             |   112 |    99 |   254 |  1172 |   382 ||  2019
       Headbutt          |    19 |    18 |    52 |   257 |    98 ||   444
Invok: Sacrifice Experie |     1 |       |       |       |       ||     1
       Sacrifice Words   |       |       |     1 |       |       ||     1
       Sacrifice Drink   |       |       |       |     1 |       ||     1
       Sacrifice Purity  |       |       |       |     1 |       ||     1
       Reject Sacrifices |       |       |       |     1 |       ||     1
       Sacrifice Stealth |       |       |       |       |     1 ||     1
Evoke: Wand              |       |     2 |     1 |       |       ||     3
  Use: Scroll            |       |       |       |    19 |     1 ||    20
       Potion            |       |       |       |     5 |       ||     5
 Stab: Distracted        |       |       |       |     5 |     5 ||    10
       Invisible         |       |       |       |     3 |       ||     3
       Petrifying        |       |       |       |     1 |       ||     1
  Eat: Chunk             |     2 |     5 |    10 |    29 |     9 ||    55
Armor: Scale mail        |    29 |       |       |       |       ||    29
       Chain mail        |    37 |    52 |    75 |   390 |    87 ||   641
Dodge: Dodged            |    32 |    26 |    74 |   372 |   115 ||   619
Block: Shield            |    57 |    49 |   131 |   592 |   192 ||  1021
